 Dungeon Sprint DCSS version 0.29.1-13-g9f3cf754e1 (webtiles) character file.

Game seed: 16939833179256694623

28 croobank the Thrower (level 3, 0/40 HPs)
             Began as a Gnoll Wanderer on Feb 10, 2023.
             Slain by a human (2 damage)
             ... in the Dungeon (Sprint III: "The Ten Rune Challenge").
             The game lasted 00:01:27 (301 turns).

croobank the Thrower (Gnoll Wanderer)                Turns: 301, Time: 00:01:28

Health: 0/40       AC:  3    Str: 11    XL:     3   Next: 14%
Magic:  5/5        EV: 11    Int: 11    God:
Gold:   0          SH:  0    Dex: 13    Spells: 5/5 levels left

rFire   . . .      SeeInvis .   b - +0 hand axe
rCold   . . .      Faith    .   (no shield)
rNeg    . . .      Spirit   .   f - +0 leather armour
rPois   .          Reflect  .   (no helmet)
rElec   .          Harm     .   (no cloak)
rCorr   .          Rampage  .   (no gloves)
Will    .....      NoTele   +   (no boots)
Stlth   ..........              (no amulet)
HPRegen 0.13/turn               (no ring)
MPRegen 0.09/turn               (no ring)

@: berserking, very quick
A: fangs 1, strong nose, distributed training
a: no special abilities


You were in the Dungeon.
You visited 1 branch

Inventory:

Hand Weapons
 a - a +0 long sword
 b - a +0 hand axe (weapon)
 d - a +0 dagger
 h - a +0 vampiric dagger
Missiles
 c - 9 poisoned darts (quivered)
Armour
 f - a +0 leather armour (worn)
Scrolls
 l - a scroll of blinking
 m - a scroll of identify {unknown}
 n - a scroll of silence {unknown}
Potions
 e - a potion of lignification
 g - a potion of curing
 i - a potion of haste
 j - 2 potions of magic


   Skills:
 + Level 1.9 Fighting
 + Level 1.9 Short Blades
 + Level 6.8 Long Blades
 + Level 3.2 Axes
 + Level 1.9 Maces & Flails
 + Level 1.9 Polearms
 + Level 1.9 Staves
 + Level 1.9 Ranged Weapons
 + Level 10.6 Throwing
 + Level 3.2 Armour
 + Level 1.9 Dodging
 + Level 1.9 Stealth
 + Level 1.9 Shields
 + Level 1.9 Unarmed Combat
 + Level 1.9 Spellcasting
 + Level 1.5 Conjurations
 + Level 1.5 Hexes
 + Level 1.5 Summonings
 + Level 1.5 Necromancy
 + Level 1.5 Translocations
 + Level 1.5 Transmutations
 + Level 1.5 Fire Magic
 + Level 1.5 Ice Magic
 + Level 1.5 Air Magic
 + Level 1.5 Earth Magic
 + Level 1.5 Poison Magic
 + Level 2.1 Invocations
 + Level 1.9 Evocations


You had 5 spell levels left.
You didn't know any spells.
Your spell library was empty.

Dungeon Overview and Level Annotations

Branches:
Dungeon (1/1)

Altars:


Innate Abilities, Weirdness & Mutations

You have very sharp teeth.
Your uncanny sense of smell can sniff out nearby items.
Your experience applies equally to all skills.


Message History

There is an open door here.
A phantom comes into view.
You enter the shallow water.
Moving in this stuff is going to be slow.
A human comes into view.
The human shouts!
You closely miss the phantom. The phantom hits you.
You hit the phantom but do no damage. You hit the phantom.
You bite the phantom, but do no damage.
The phantom is moderately damaged.
The phantom hits you.
You closely miss the phantom.
The phantom is lightly damaged.
The phantom barely misses you.
You feel the dreadful sensation subside.
b - a +0 hand axe (weapon)
The phantom hits you.
You closely miss the human. You closely miss the phantom. The phantom hits you.
* * * LOW HITPOINT WARNING * * *
The human splashes around in the water.
A red film seems to cover your vision as you go berserk!
You feel yourself moving faster!
You feel mighty! The phantom closely misses you.
The human splashes around in the water.
You hit the human.
The human is lightly wounded.
You hit the phantom. The phantom hits you.
* * * LOW HITPOINT WARNING * * *
You hit the phantom.
The phantom is severely damaged.
You closely miss the human. The human closely misses you.
You closely miss the phantom. Your punch misses the phantom.
Your bite misses the phantom.
The phantom is severely damaged.
You hit the human. The phantom hits you.
* * * LOW HITPOINT WARNING * * *
The human splashes around in the water.
You hit the phantom.
You destroy the phantom!
You barely miss the human. The human hits you.
You die...

▓▓▓▓ ▓▓▓▓▓▓▓
▓<.#∆∆+.....♣♣
▓..#∆∆#......♣
▓#'####....♣.♣
▓..[..#....~.♣♣
▓.....#...~~♣.♣.
▓.....#..~~~~...
▓####'#.@~≈≈~~~♣
▓.....#.~p≈~~~..
▓.....#.~≈~~~...
▓.....#.~~~.....
▓'#####.........
▓...............
▓▓▓▓▓▓▓▓▓▓▓▓▓▓▓▓


You could see a human.

Vanquished Creatures
  Jessica (D)
  A phantom (D)
  An endoplasm (D)
  2 rats (D)
5 creatures vanquished.

Notes
Turn   | Place    | Note
-------+----------+-------------------------------------------
     0 | D        | Reached skill level 10 in Throwing
     0 | D        | croobank the Gnoll Wanderer began the quest for the Orb.
     0 | D        | croobank set off with the following items: a +0 long sword,
                  | a +0 hand axe, 9 poisoned darts, a +0 dagger, a potion of
                  | lignification, a +0 leather armour, a potion of curing, a
                  | potion of heal wounds, a potion of haste, 2 potions of
                  | magic, a potion of berserk rage, a scroll of blinking.
     0 | D        | Reached XP level 1. HP: 13/13 MP: 1/1
   110 | D        | Noticed Jessica
   122 | D        | Killed Jessica
   123 | D        | Reached skill level 1 in Fighting
   123 | D        | Reached skill level 1 in Short Blades
   123 | D        | Reached skill level 1 in Maces & Flails
   123 | D        | Reached skill level 1 in Polearms
   123 | D        | Reached skill level 1 in Staves
   123 | D        | Reached skill level 1 in Ranged Weapons
   123 | D        | Reached skill level 1 in Dodging
   123 | D        | Reached skill level 1 in Stealth
   123 | D        | Reached skill level 1 in Shields
   123 | D        | Reached skill level 1 in Unarmed Combat
   123 | D        | Reached skill level 1 in Spellcasting
   123 | D        | Reached skill level 1 in Conjurations
   123 | D        | Reached skill level 1 in Hexes
   123 | D        | Reached skill level 1 in Summonings
   123 | D        | Reached skill level 1 in Necromancy
   123 | D        | Reached skill level 1 in Translocations
   123 | D        | Reached skill level 1 in Transmutations
   123 | D        | Reached skill level 1 in Fire Magic
   123 | D        | Reached skill level 1 in Ice Magic
   123 | D        | Reached skill level 1 in Air Magic
   123 | D        | Reached skill level 1 in Earth Magic
   123 | D        | Reached skill level 1 in Poison Magic
   123 | D        | Reached skill level 1 in Evocations
   123 | D        | Reached XP level 2. HP: 12/22 MP: 1/4
   123 | D        | Reached XP level 3. HP: 14/27 MP: 1/5
   300 | D        | HP: 2/40 [phantom (4)]
   301 | D        | Slain by a human

Illustrated notes

Levels and vault maps discovered:
D:        dungeon_sprint_mu [sprint_mu_entry_forest, sprint_mu_temple_rooms,
          sprint_mu_d1_horrors, sprint_mu_d2_genie, sprint_mu_d3_branching,
          sprint_mu_orc_legion, sprint_mu_elf_gauntlet, sprint_mu_hive_nellie,
          sprint_mu_lair_fedhas, sprint_mu_vaults_butterflies,
          sprint_mu_slime_circle, sprint_mu_shoals_kraken,
          sprint_mu_snake_twists, sprint_mu_blade_basic, sprint_mu_crypt_lich,
          sprint_mu_tomb_spiral, sprint_mu_vestibule_basic,
          sprint_mu_gehenna_hellfire, sprint_mu_dis_giant,
          sprint_mu_tartarus_statrot, sprint_mu_cocytus_islands, sprint_mu_zot1]

Skill      XL: |  1 |
---------------+----+-----
Throwing       | | 10.6
Fighting       | 1 |  1.9
Short Blades   | 1 |  1.9
Axes           | 3 |  3.2
Maces & Flails | 1 |  1.9
Polearms       | 1 |  1.9
Staves         | 1 |  1.9
Ranged Weapons | 1 |  1.9
Armour         | 3 |  3.2
Dodging        | 1 |  1.9
Stealth        | 1 |  1.9
Shields        | 1 |  1.9
Unarmed Combat | 1 |  1.9
Spellcasting   | 1 |  1.9
Conjurations   | 1 |  1.5
Hexes          | 1 |  1.5
Summonings     | 1 |  1.5
Necromancy     | 1 |  1.5
Translocations | 1 |  1.5
Transmutations | 1 |  1.5
Fire Magic     | 1 |  1.5
Ice Magic      | 1 |  1.5
Air Magic      | 1 |  1.5
Earth Magic    | 1 |  1.5
Poison Magic   | 1 |  1.5
Invocations    | 2 |  2.1
Evocations     | 1 |  1.9
Long Blades    | |  6.8

Action                   || total
-------------------------++-------
Melee: Long sword        ||    16
       Dagger            ||     9
       Hand axe          ||     5
       Bite              ||     1
  Use: Potion            ||     2
Armor: Leather armour    ||    10
Dodge: Dodged            ||    15
